 Dungeon Crawl Stone Soup version 0.28-a0-1415-g7c84da036a (webtiles) character file.

Game seed: 2983219117435604900

283 Shayle the Ducker (level 6, 0/88 HPs)
             Began as an Ogre Warper on Jan 7, 2022.
             Was an Initiate of Ru.
             Succumbed to a scorpion's poison
             ... on level 4 of the Dungeon.
             The game lasted 00:09:30 (2619 turns).

Shayle the Ducker (Ogre Warper)                     Turns: 2619, Time: 00:09:31

Health: 0/88       AC: 23    Str: 21    XL:     6   Next: 28%
Magic:  9/9        EV:  1    Int: 14    God:    Ru [......]
Gold:   65         SH:  0    Dex:  8    Spells: 9/9 levels left

rFire   . . .      SeeInvis .   p - +10 dagger "Xewaeg" {holy, Str+3}
rCold   . . .      Faith    .   (no shield)
rNeg    . . .      Spirit   .   (armour currently unavailable)
rPois   +          Reflect  .   (helmet currently unavailable)
rElec   .          Harm     .   (cloak currently unavailable)
rCorr   .          Rampage  .   (gloves unavailable)
Will    .....      NoTele   +   (boots unavailable)
Stlth   +.........              (no amulet)
HPRegen 0.24/turn               (no ring)
MPRegen 0.11/turn               (no ring)

@: brilliant, lethally poisoned (0 -> -2), tree-form, attractive
A: stationary, stasis, torment immunity, boosted hp, large, unfitting armour,
(tough skin 1)
a: Renounce Religion


You were on level 4 of the Dungeon.
You worshipped Ru.
Ru was noncommittal.
You were a tree.
You visited 2 branches of the dungeon, and saw 5 of its levels.

You collected 65 gold pieces.

Inventory:

Hand Weapons
 h - a +0 dagger of venom
 p - the +10 dagger "Xewaeg" (weapon) {holy, Str+3}
   (You found it on level 2 of the Dungeon)

   It has been blessed by the Shining One to cause great damage to the undead
   and demons.
   Str:       It affects your strength (+3).
Missiles
 c - a boomerang of dispersal (quivered)
Armour
 a - a +0 robe (melded)
 e - a +0 kite shield
 k - an orb of mayhem
Wands
 r - a wand of flame (13)
Scrolls
 b - a scroll of blinking
 i - a scroll of fear {unknown}
 l - 2 scrolls of teleportation {unknown}
 m - a scroll of immolation {unknown}
 q - 2 scrolls of identify


   Skills:
 - Level 2.6 Fighting
 - Level 1.0 Throwing
 + Level 4.8 Dodging
 - Level 3.9 Unarmed Combat
 - Level 2.4 Spellcasting
 - Level 2.6 Translocations


You had 9 spell levels left.
You didn't know any spells.
Your spell library contained the following spells:

 Spells                   Type           Power      Damage    Failure   Level
 Blink                    Tloc           26%        N/A       12%         2
 Gell's Gravitas          Tloc           13%        N/A       22%         3
 Lesser Beckoning         Tloc           13%        N/A       22%         3
 Teleport Other           Tloc           13%        N/A       22%         3
 Scorch                   Fire           4%         2d5       34%         2
 Manifold Assault         Tloc           13%        N/A       91%         5
 Flame Wave               Conj/Fire      2%         2d4       92%         4
 Summon Cactus Giant      Summ           1%         N/A       100%        6


Dungeon Overview and Level Annotations

Branches:
Dungeon (4/15)             Temple (1/1) D:4

Altars:
Ashenzari
Cheibriados
Dithmenos
Elyvilon
Fedhas
Gozag
Hepliaklqana
Makhleb
Nemelex Xobeh
Okawaru
Qazlal
Ru
Sif Muna
Uskayaw
Vehumet
Wu Jian
Xom
Yredelemnul
The Shining One

Shops:
D:1 (

Annotations:
D:4 2 transporters, Clumpoid's ghost, weakling GnFi


Innate Abilities, Weirdness & Mutations

You are a tree.
Your roots penetrate the ground, keeping you stationary.
You cannot be teleported.
You are immune to unholy pain and torment.
Your maximum health is greatly increased.
Your equipment is partially melded.
You are too large for most types of armour.
((You have tough skin. (AC +1)))


Message History

You feel very sick. The scorpion barely misses you.
You hit the scorpion.
The scorpion is almost dead.
You feel very sick.
The scorpion stings you but does no damage.
You barely miss the scorpion.
The scorpion is almost dead.
You feel sick. The scorpion stings you!
* * * LOW HITPOINT WARNING * * *
You feel better. The scorpion stings you.
* * * LOW HITPOINT WARNING * * *
You are lethally poisoned!
The scorpion poisons you!
You hit the scorpion.
You kill the scorpion!
* * * LOW HITPOINT WARNING * * *
You feel very sick.
Okay, then.
It was a potion of flight.
You feel very buoyant.
You fly up into the air.
* * * LOW HITPOINT WARNING * * *
You feel sick.
It was a potion of lignification.
You turn into a tree.
Your +0 robe melds into your body.
Your roots penetrate the ground.
* * * LOW HITPOINT WARNING * * *
You feel sick.
It was a potion of brilliance.
You feel clever all of a sudden.
* * * LOW HITPOINT WARNING * * *
You feel sick.
It was a potion of attraction.
You feel attractive to monsters.
* * * LOW HITPOINT WARNING * * *
You feel sick.
There is a lethal amount of poison in your body!
As you read the scroll labelled RYC GUGAELESH, it crumbles to dust.
Wisps of shadow whirl around you...
It was a scroll of summoning.
You die...

##..#..
####.........#.........#
#............#.........#
...#.........#.ZS.....©#
#............##8Wg5h.8##
#..#.....#....#########.
.........#...o.J..©.....
.......#......og.g......
....#.###......o♣!......
..##..###....o.g......#.
.##...##..#..#g##.#####
##....##.##..#.# .#
###.>..#.....#.# ..
###.....#.#..... ...
.#...##...<....# .###
....####.....##. .#
.....# #........


You could see a hound, Clumpoid's ghost, an ufetubus, a hound zombie, a
hobgoblin, a ball python, a friendly orc wizard (summoned, wandering), 4
friendly gnolls, 3 friendly orcs and a friendly endoplasm (summoned).

Vanquished Creatures
  An ogre (D:3)
  A scorpion (D:4)
  A hound (D:4)
  Jessica (D:3)
  3 adders (D:2)
  2 dart slugs
  4 endoplasms
  3 giant cockroaches
  7 goblins
  4 hobgoblins
  3 jackals
  5 kobolds
  3 quokkas
  2 ball pythons
  4 bats
  7 frilled lizards
  6 rats
57 creatures vanquished.

Vanquished Creatures (others)
  A fungus (D:3)
  A plant (D:3)
2 creatures vanquished.

Grand Total: 59 creatures vanquished

Notes
Turn   | Place    | Note
-------+----------+-------------------------------------------
     0 | D:1      | Shayle the Ogre Warper began the quest for the Orb.
     0 | D:1      | Reached XP level 1. HP: 22/22 MP: 3/3
   379 | D:1      | Reached XP level 2. HP: 20/29 MP: 5/5
   607 | D:1      | Found Gofrawoa's Weapon Emporium.
  1064 | D:1      | Reached XP level 3. HP: 36/36 MP: 6/6
  1491 | D:2      | Reached XP level 4. HP: 43/44 MP: 7/7
  1539 | D:2      | Identified the +10 dagger "Xewaeg" {holy, Str+3}
  1591 | D:2      | Found a faded altar of an unknown god.
  1823 | D:3      | Noticed Jessica
  1829 | D:3      | Killed Jessica
  1981 | D:3      | Noticed an ogre
  1996 | D:3      | Found a blossoming altar of Fedhas.
  2006 | D:3      | Killed an ogre
  2007 | D:3      | Reached skill level 4 in Dodging
  2007 | D:3      | Reached XP level 5. HP: 45/50 MP: 8/8
  2543 | D:4      | Reached XP level 6. HP: 55/59 MP: 9/9
  2568 | D:4      | Found a staircase to the Ecumenical Temple.
  2575 | Temple   | Entered the Ecumenical Temple
  2582 | Temple   | Became a worshipper of Ru the Awakened
  2598 | D:4      | Noticed Clumpoid's ghost (weakling GnFi)
  2599 | D:4      | Found a transporter.
  2603 | D:4      | Found a transporter.
  2616 | D:4      | HP: 2/88 [poisoned by a scorpion]
  2619 | D:4      | Succumbed to a scorpion's poison

Illustrated notes

Levels and vault maps discovered:
D:1:      lemuel_arrival_lava_pool, layout_basic, serial_shops, shop
D:2:      layout_rooms, hellmonk_ecumenical_altar_heavens_door
D:3:      layout_loops_ring, fedhas_altar_3, uniq_jessica
D:4:      minmay_evil_eye, layout_basic, mainiacjoe_overflow_chevrons,
          minmay_temple_entry_wispy, gammafunk_ghost_arena, uniq_edmund
Temple:   nicolae_temple_no_exploring_needed

Skill      XL: |  1  2  3  4 |
---------------+-------------+-----
Unarmed Combat | 2 3 |  3.9
Dodging        | 4 |  4.8
Fighting       | |  2.6
Throwing       | |  1.0
Spellcasting   | |  2.4
Translocations | |  2.6

Action                   |  1- 3 |  4- 6 || total
-------------------------+-------+-------++-------
Melee: Unarmed           |    87 |       ||    87
       Punch             |     3 |     1 ||     4
       Dagger            |    50 |    42 ||    92
Throw: Boomerang         |     1 |     3 ||     4
  Use: Scroll            |     2 |     1 ||     3
       Potion            |       |     6 ||     6
Armor: Robe              |    43 |    12 ||    55
Dodge: Dodged            |    62 |    17 ||    79

Table legend: (Time is in decaauts)
 A = Elapsed time spent in this place.
 B = Non-inter-level travel time spent in this place.
 C = Inter-level travel time spent in this place.
 D = Time resting spent in this place.
 E = Time spent auto-exploring this place.
 F = Levels seen in this place.
 G = Mean time per level.
                   A        B        C        D        E       F      G
               +--------+--------+--------+--------+--------+-----+--------+
         Total |   2618 |   2518 |    100 |    411 |   1525 |   5 |  523.6 |
       Dungeon |   2603 |   2516 |     87 |    411 |   1525 |   4 |  650.8 |
        Temple |     14 |      1 |     13 |      0 |      0 |   1 |   14.0 |
               +--------+--------+--------+--------+--------+-----+--------+

Top non-repeatable levels by time:
     D:1: 1261 daAuts
     D:3: 759 daAuts
     D:2: 509 daAuts
     D:4: 72 daAuts
  Temple: 14 daAuts
